 Dungeon Crawl Stone Soup version 0.17.1-3-g152610e (webtiles) character file.

242 Lusmu the Sneak (level 6, 0/32 HPs)
             Began as a Kobold Enchanter on Mar 15, 2016.
             Slain by an orc priest
             ... wielding a +0 whip
              (3 damage)
             ... on level 4 of the Dungeon.
             The game lasted 00:27:18 (5259 turns).

Lusmu the Sneak (Kobold Enchanter)                  Turns: 5259, Time: 00:27:18

Health: 0/32       AC:  5    Str:  8    XL:     6   Next: 30%
Magic:  9/9        EV: 15    Int: 14    God:
Gold:   190        SH:  0    Dex: 16    Spells: 3 memorised, 3 levels left

rFire  . . .     SeeInvis .     a - +1 dagger
rCold  . . .     Clarity  .     b - +1 robe
rNeg   . . .     SustAt   +     (shield restricted)
rPois  .         Gourm    .     p - +0 helmet
rElec  .         Spirit   .     j - +0 cloak
rCorr  .         Warding  .     (no gloves)
rMut   .         Stasis   .     (no boots)
MR     .....                    (no amulet)
Stlth  ++++......               (no ring)
                                l - ring of sustain attributes

@: not resistant to hostile enchantments, stealthy
A: carnivore 3
a: no special abilities


You were on level 4 of the Dungeon.
You were completely stuffed.

You visited 1 branch of the dungeon, and saw 4 of its levels.

You collected 190 gold pieces.

Inventory:

Hand Weapons
 a - a +1 dagger (weapon)
 h - a +0 hunting sling
Missiles
 n - 100 stones (quivered)
 q - 4 exploding tomahawks
 y - 12 sling bullets
Armour
 b - a +1 robe (worn)
 j - a +0 cloak (worn)
 p - a +0 helmet (worn)
Jewellery
 l - a ring of sustain attributes (left hand)
Scrolls
 e - 4 scrolls of identify
 g - a scroll of recharging {unknown}
 i - 2 scrolls of remove curse {unknown}
 k - 2 scrolls of enchant armour {unknown}
 m - 2 scrolls of immolation {unknown}
 u - 2 scrolls of amnesia {unknown}
 v - a scroll of teleportation {unknown}
 w - a scroll of fear {unknown}
Potions
 f - 2 potions of heal wounds {unknown}
 r - a potion of brilliance
 s - a potion of curing {unknown}
 x - a potion of invisibility {unknown}
 z - a potion of might {unknown}
 A - a potion of agility {unknown}
Books
 c - a book of Maledictions

   Spells                             Type                      Level
   a - Corona                         Hexes                        1
   b - Ensorcelled Hibernation        Hexes/Ice                    2
   c - Confuse                        Hexes                        3
   d - Tukima's Dance                 Hexes                        3
   e - Dazzling Spray                 Conjuration/Hexes            3
 t - a book of Battle

   Spells                             Type                      Level
   a - Infusion                       Charms                       1
   b - Shroud of Golubria             Charms/Translocation         2
   c - Song of Slaying                Charms                       2
   d - Spectral Weapon                Hexes/Charms                 3
   e - Regeneration                   Charms/Necromancy            3
Comestibles
 d - 4 meat rations
 o - a slice of pizza


   Skills:
 - Level 1.3 Short Blades
 - Level 2.4 Dodging
 + Level 5.9 Stealth
 - Level 2.0 Spellcasting
 * Level 5.8 Hexes


You had 3 spell levels left.
You knew the following spells:

 Your Spells              Type           Power        Failure   Level  Hunger
a - Corona                Hex            ###....      2%          1    ##.....
b - Tukima's Dance        Hex            ###.....     10%         3    ####...
c - Ensorcelled Hibernat  Hex/Ice        #.....       14%         2    ###....


Dungeon Overview and Level Annotations

Branches:
Dungeon (4/15)
 Temple: D:4-7

Altars:
Elyvilon
Makhleb
Qazlal
Vehumet
Zin
The Shining One

Shops:
D:4 =


Innate Abilities, Weirdness & Mutations

You are small and have problems with some larger weapons.
You are carnivorous and can eat meat at any time.


Message History

The orc priest hits you with a whip.
You hit the orc priest.
The orc priest is moderately wounded.
The orc priest mumbles some strange prayers to Beogh against you.
Something smites you!
Ouch! That really hurt!
* * * LOW HITPOINT WARNING * * *
Read which item? (? for menu, Esc to quit)
As you read the scroll labeled ORHIUT KAUGI, it crumbles to dust.
It is a scroll of identify.
Identify which item? (\ to view known items) (? for menu, Esc to quit)
r - a potion of brilliance The orc priest misses you.
You closely miss the orc priest.
The orc priest is moderately wounded.
The orc priest misses you.
You hit the orc priest.
The orc priest is heavily wounded.
The orc priest hits you with a whip.
You die...

##################
#.......#.)......#
#.#####.#.######.######## #.#
#.#.# #.##...... ###.#####o#)####
#.##.##### #######.........@....#
#.##.##...
............###.#.##.###.##.##.##
#####.....#####.#........##.##.##
##..........####.######.##.##
##.........####.## #......
#.######........# ####.## #.#
#.#...#..# #.## #+# #..###...#
#.## .o. #.##.....# #...


You could see an orc priest.

Vanquished Creatures
  A centaur skeleton (D:4)
  A hound (D:4)
  3 worker ants
  2 adders
  An ooze (D:2)
  A worm (D:2)
  2 adder skeletons (D:4)
  8 orcs
  2 ball pythons
  9 bats
  3 giant cockroaches
  5 goblins
  7 hobgoblins
  8 jackals
  A quokka (D:2)
  3 giant geckos
  3 giant newts
  2 kobolds (D:3)
  8 rats
70 creatures vanquished.

Vanquished Creatures (others)
  A quokka (D:3)
  A kobold (D:3)
2 creatures vanquished.

Grand Total: 72 creatures vanquished

Notes
Turn   | Place    | Note
--------------------------------------------------------------
     0 | D:1      | Lusmu the Kobold Enchanter began the quest for the Orb.
     0 | D:1      | Reached XP level 1. HP: 10/10 MP: 3/3
   424 | D:1      | Reached XP level 2. HP: 12/15 MP: 3/5
  1035 | D:1      | Reached XP level 3. HP: 19/19 MP: 6/6
  1319 | D:1      | You fall through a shaft!
  1335 | D:2      | Found a burning altar of Makhleb.
  1369 | D:1      | Learned a level 3 spell: Tukima's Dance
  1372 | D:1      | Learned a level 2 spell: Ensorcelled Hibernation
  2501 | D:2      | Reached XP level 4. HP: 22/24 MP: 7/7
  3183 | D:3      | Found a glowing silver altar of Zin.
  3184 | D:3      | Found a white marble altar of Elyvilon.
  3185 | D:3      | Found a glowing golden altar of the Shining One.
  3357 | D:3      | Found a radiant altar of Vehumet.
  3506 | D:3      | Reached skill level 5 in Stealth
  3506 | D:3      | Reached XP level 5. HP: 23/28 MP: 5/8
  3544 | D:4      | Reached skill level 5 in Hexes
  3976 | D:4      | Found a stormy altar of Qazlal.
  4145 | D:4      | Found Duiganeof's Jewellery Emporium.
  4175 | D:4      | Noticed a phantom
  4274 | D:4      | Reached XP level 6. HP: 32/32 MP: 9/9
  5259 | D:4      | Slain by an orc priest

Action                   |  1- 3 |  4- 6 || total
-------------------------+-------+-------++-------
Melee: Dagger            |   134 |   157 ||   291
 Fire: Hunting sling     |    34 |    16 ||    50
 Cast: Corona            |     6 |     5 ||    11
       Ensorcelled Hiber |       |     7 ||     7
       Tukima's Dance    |       |     3 ||     3
  Use: Scroll            |       |     1 ||     1
 Stab: Sleeping          |     3 |    12 ||    15
       Distracted        |     1 |       ||     1
  Eat: Chunk             |    13 |    10 ||    23
